 Dungeon Crawl Stone Soup version 0.32-a0-540-g866d13106e (webtiles) character file.

Game seed: 15724999882114957243

984 lunkers the Cutter (level 8, 0/61 HPs)
             Began as a Coglin Brigand on Feb 28, 2024.
             Was an Elder of Ashenzari.
             Slain by a hornet (14 damage)
             ... on level 5 of the Dungeon.
             The game lasted 00:09:18 (4569 turns).

lunkers the Cutter (Coglin Brigand)                 Turns: 4569, Time: 00:09:18

Health: 0/61       AC:  7    Str: 14    XL:     8   Next: 18%
Magic:  8/8        EV: 15    Int: 10    God:    Ashenzari [****..]
Gold:   315        SH:  0    Dex: 16    Spells: 7/7 levels left

rFire   . . .        a - +2 dagger of Desmomancy {Jacinta, Cun, Comp} (curse)
rCold   . . .        v - +4 flail of Toth-Mos's Legacy {protect, Sextus, Melee, Elem} (curse)
rNeg    . . .        b - +0 robe "Cosmic Incredulity" {Bglg, Comp} (curse)
rPois   .            k - +0 helmet
rElec   .            c - +0 cloak of the Eye in the Sky {Sorc, Melee} (curse)
rCorr   .            h - +0 pair of gloves "Ordeal of Ashenzari" {Elem, Cun} (curse)
SInv    +            s - +1 pair of boots
Will    .....        (no amulet)
Stlth   +++          (ring unavailable)
HPRegen 0.30/turn    (ring unavailable)
MPRegen 0.11/turn

%: clarity
@: lethally poisoned (0 -> -5), slowed, very slow
A: off-hand wielding, slow wielding, warmup strikes, no rings
a: Renounce Religion, Shatter the Chains


You were on level 5 of the Dungeon.
You worshipped Ashenzari.
Ashenzari was greatly pleased with you.
You visited 1 branch of the dungeon, and saw 5 of its levels.

You collected 315 gold pieces.

Inventory:

Hand Weapons
 a - the cursed +2 dagger of Desmomancy (weapon) {Jacinta, Cun, Comp}

   It has a curse which improves the following skills: Cunning: Dodging and
   Stealth.
   Companions: Summonings and Necromancy.
 f - a +0 club {Minjee}
 l - a +0 short sword {Qing}
 v - the cursed +4 flail of Toth-Mos's Legacy (offhand) {protect, Sextus, Melee, Elem}
   (You took it off Edmund on level 5 of the Dungeon)

   It has a curse which improves the following skills: Melee Combat: Short
   Blades, Long Blades, Axes, Maces & Flails, Polearms, Staves and Unarmed
   Combat.
   Elements:  Fire Magic, Ice Magic, Air Magic and Earth Magic.
Missiles
 d - 9 poisoned darts
 e - 3 curare-tipped darts
Armour
 b - the cursed +0 robe "Cosmic Incredulity" (worn) {Bglg, Comp}

   It has a curse which improves the following skills: Beguiling: Hexes and
   Translocations.
   Companions: Summonings and Necromancy.
 c - the cursed +0 cloak of the Eye in the Sky (worn) {Sorc, Melee}

   It has a curse which improves the following skills: Sorcery: Conjurations and
   Alchemy.
   Melee Combat: Short Blades, Long Blades, Axes, Maces & Flails, Polearms,
   Staves and Unarmed Combat.
 h - the cursed +0 pair of gloves "Ordeal of Ashenzari" (worn) {Elem, Cun}
   (You found it on level 1 of the Dungeon)

   It has a curse which improves the following skills: Elements: Fire Magic, Ice
   Magic, Air Magic and Earth Magic.
   Cunning:   Dodging and Stealth.
 k - a +0 helmet (worn)
 s - a +1 pair of boots (worn)
 u - a +3 leather armour of fire resistance
Wands
 q - a wand of quicksilver (7)
Scrolls
 n - 2 scrolls of silence
 o - 6 scrolls of identify
 r - 2 scrolls of teleportation
 w - a scroll of immolation
 x - a scroll of fog
Potions
 g - a potion of mutation
 i - a potion of attraction
 j - a potion of heal wounds
 m - a potion of haste
 p - 2 potions of brilliance
 t - a potion of lignification
 z - a potion of curing
 A - a potion of enlightenment


   Skills:
 + Level 4.9 Fighting
 - Level 6.1(8.8) Short Blades
 * Level 0.4(1.4) Maces & Flails
 - Level 1.7 Throwing
 + Level 4.1(6.6) Dodging
 - Level 3.2(5.5) Stealth


You had 7 spell levels left.
You didn't know any spells.
Your spell library contained the following spells:

 Spells                   Type           Power      Damage    Failure   Level
 Freeze                   Ice            0%         1d3       32%         1
 Magic Dart               Conj           0%         1d3       34%         1
 Shock                    Conj/Air       0%         1d3       34%         1
 Call Imp                 Summ           0%         N/A       45%         2
 Ensorcelled Hibernation  Hex/Ice        0%         N/A       45%         2
 Blink                    Tloc           0%         N/A       47%         2
 Lesser Beckoning         Tloc           0%         N/A       47%         2
 Frozen Ramparts          Ice            0%         1d1       69%         3
 Fugue of the Fallen      Necr           0%         N/A       69%         3
 Swiftness                Air            0%         N/A       69%         3
 Gell's Gravitas          Tloc           0%         N/A       71%         3
 Hailstorm                Conj/Ice       0%         3d5       71%         3
 Teleport Other           Tloc           0%         N/A       71%         3
 Airstrike                Air            0%         2d(0-16)  97%         4
 Anguish                  Hex/Necr       0%         N/A       98%         4


Dungeon Overview and Level Annotations

Branches:
Dungeon (5/15)             Temple (0/1) D:4

Altars:
Ashenzari
Hepliaklqana

Shops:
D:2 =   D:3 *   D:4 =


Innate Abilities, Weirdness & Mutations

You can wield a second weapon in your off-hand.
It takes a long time for you to wield or remove held weapons.
Your first few attacks do less damage.
Your grasper-arms cannot wear rings.


Message History

Found a stone staircase leading down.
There is an open door here.
There is a stone staircase leading down here.
You pick up a book of Air and begin reading...
You add the spells Shock, Swiftness and Airstrike to your library.
You open the door.
There is an open door here.
Found a +0 robe.
No target in view!
A hornet comes into view.
A hornet is nearby!
A hornet is nearby!
The hornet buzzes angrily.
The hornet closely misses you. The hornet stings you!
You feel yourself slow down.
You barely miss the hornet with the cursed +4 flail of Toth-Mos's Legacy.
You closely miss the hornet with the cursed +2 dagger of Desmomancy.
You feel yourself speed up. The hornet stings you!
You feel yourself slow down. The hornet stings you!
* * * LOW HITPOINT WARNING * * *
You feel as though you will be slow longer.
Aiming: Quicksilver Bolt
Press: ? - help, Shift-Dir - straight line, f - hornet
Aim: a hornet (57% to hit)
The bolt of dispelling energy misses the hornet.
The hornet stings you!
* * * LOW HITPOINT WARNING * * *
You are poisoned.
You feel as though you will be slow longer.
The hornet stings you.
* * * LOW HITPOINT WARNING * * *
You feel as though you will be slow longer.
Aiming: Quicksilver Bolt
Press: ? - help, Shift-Dir - straight line, f/p - hornet
Aim: a hornet (57% to hit)
The bolt of dispelling energy hits the hornet!
The hornet is heavily wounded.
You feel very sick. The hornet stings you!
You die...

#....#,,,,*
#..#.#,,,,*
#..#.#,,,,*
...#,******
...#,##############
..>#,#........[...#
##.#,+.:..........#
#.#*#...........y#
#.# #.....$....@.#
#.# #............#
#.# #..^.........#
#.# #.....(......#
#.# #............#
#.# ####'#########
#.######.#
#........#
##########


You could see a hornet.

Vanquished Creatures
  Edmund (D:5)
  A water moccasin (D:4)
  3 ogres
  A scorpion (D:5)
  5 hounds
  A bombardier beetle (D:4)
  Ijyb (D:3)
  3 iguanas (D:4)
  An orc wizard (D:4)
  3 gnolls (D:5)
  2 adders
  A white imp (D:4)
  2 ribbon worms (D:2)
  3 dart slugs
  5 orcs
  11 endoplasms
  2 giant cockroaches (D:1)
  9 goblins
  10 hobgoblins
  9 jackals
  5 kobolds
  7 quokkas
  4 ball pythons
  5 bats
  8 frilled lizards
  4 rats
107 creatures vanquished.

Notes
Turn   | Place    | Note
-------+----------+-------------------------------------------
     0 | D:1      | lunkers the Coglin Brigand began the quest for the Orb.
     0 | D:1      | Reached XP level 1. HP: 16/16 MP: 1/1
    27 | D:1      | Reached skill level 2 in Short Blades
    48 | D:1      | Reached XP level 2. HP: 11/22 MP: 2/2
   356 | D:1      | Reached skill level 3 in Short Blades
   443 | D:1      | Reached XP level 3. HP: 27/27 MP: 3/3
   664 | D:1      | Found a faded altar of an unknown god.
   930 | D:1      | Prayed at the altar of an unknown god.
   930 | D:1      | Became a worshipper of Ashenzari the Shackled
  1391 | D:2      | Reached XP level 4. HP: 29/33 MP: 4/4
  1508 | D:2      | Found Jauvisum's Jewellery Shoppe.
  1521 | D:2      | Reached * piety under Ashenzari
  1665 | D:2      | Reached skill level 4 in Short Blades
  1987 | D:3      | Reached XP level 5. HP: 33/38 MP: 5/5
  2051 | D:3      | Reached ** piety under Ashenzari
  2199 | D:3      | Noticed Ijyb
  2223 | D:3      | Killed Ijyb
  2336 | D:3      | Found Ulyarih's General Store.
  2895 | D:4      | Reached skill level 1 in Dodging
  2898 | D:4      | Reached skill level 5 in Short Blades
  3048 | D:4      | Reached XP level 6. HP: 33/46 MP: 6/6
  3119 | D:4      | Reached *** piety under Ashenzari
  3147 | D:4      | Found Ogoa's Jewellery Boutique.
  3328 | D:4      | Noticed a water moccasin
  3349 | D:4      | Found a staircase to the Ecumenical Temple.
  3363 | D:4      | Killed a water moccasin
  3364 | D:4      | Reached XP level 7. HP: 22/52 MP: 7/7
  3674 | D:4      | Found a hazy altar of Hepliaklqana.
  3988 | D:5      | Entered Level 5 of the Dungeon
  4039 | D:5      | Noticed Edmund
  4054 | D:5      | Killed Edmund
  4055 | D:5      | Reached skill level 6 in Short Blades
  4180 | D:5      | Reached XP level 8. HP: 58/61 MP: 8/8
  4223 | D:5      | Reached **** piety under Ashenzari
  4560 | D:5      | Noticed a hornet
  4569 | D:5      | Slain by a hornet

Illustrated notes

Levels and vault maps discovered:
D:1:      tarquinn_simple_flora_water_b, layout_basic,
          ebering_ecumenical_altar_petrified, minmay_lizard_pond
D:2:      layout_loops_cross, serial_shops, nicolae_shop_tiny_real_fake_doors,
          minmay_misc_feat_pillars, minmay_strange_pillars,
          minmay_misc_feat_iff, chequers_serial_rivers_room_b
D:3:      layout_basic, serial_shops, shop, uniq_ijyb
D:4:      layout_loops_ring, nicolae_hepliaklqana_hippocampus,
          minmay_temple_entry_ruins, serial_shops, nicolae_shop_rolling_square,
          minmay_crossroads
D:5:      layout_basic, serial_shops, shop, uniq_edmund

Skill      XL: |  1  2  3  4  5  6  7  8 |
---------------+-------------------------+-----
Short Blades   | 2 3 4 5 6 |  6.1
Dodging        | 1 2 3 4 |  4.1
Fighting       | 3 4 |  4.9
Maces & Flails | |  0.4
Throwing       | |  1.7
Stealth        | |  3.2

Action                     |  1- 3 |  4- 6 |  7- 9 || total
---------------------------+-------+-------+-------++-------
  Melee: Dagger            |   105 |   150 |    85 ||   340
         Club              |    17 |       |       ||    17
         Short sword       |    22 |   155 |    51 ||   228
         Flail             |       |       |    30 ||    30
  Throw: Dart              |       |     1 |       ||     1
 Invoke: Curse Item        |     1 |     3 |     1 ||     5
  Evoke: Wand              |       |     1 |     2 ||     3
    Use: Potion            |     1 |       |       ||     1
   Stab: Sleeping          |     7 |    10 |     5 ||    22
 Armour: Robe              |    83 |    61 |    41 ||   185
  Dodge: Dodged            |    61 |    60 |    53 ||   174

Table legend: (Time is in decaauts)
 A = Elapsed time spent in this place.
 B = Non-inter-level travel time spent in this place.
 C = Inter-level travel time spent in this place.
 D = Time resting spent in this place.
 E = Time spent auto-exploring this place.
 F = Levels seen in this place.
 G = Mean time per level.
                   A        B        C        D        E       F      G
               +--------+--------+--------+--------+--------+-----+--------+
         Total |   4501 |   4202 |    299 |      6 |   3381 |   5 |  900.2 |
       Dungeon |   4501 |   4202 |    299 |      6 |   3381 |   5 |  900.2 |
               +--------+--------+--------+--------+--------+-----+--------+

Top non-repeatable levels by time:
     D:3: 1093 daAuts
     D:4: 1078 daAuts
     D:1: 1021 daAuts
     D:2: 737 daAuts
     D:5: 571 daAuts
